 Dungeon Crawl Stone Soup version 0.20.1-1-g8b1a95d (webtiles) character file.

119 dohliylev the Sneak (level 4, 0/31 HPs)
             Began as a Vampire Enchanter on Dec 8, 2017.
             Slain by a goblin
             ... wielding a +0 club
             ... led by Robin
              (6 damage)
             ... on level 3 of the Dungeon.
             The game lasted 00:07:26 (2697 turns).

dohliylev the Sneak (Vampire Enchanter)             Turns: 2697, Time: 00:07:27

Health: 0/31       AC:  3    Str:  7    XL:     4   Next: 73%
Magic:  1/7        EV: 13    Int: 17    God:
Gold:   131        SH:  0    Dex: 15    Spells: 4/7 levels left

rFire    . . .     SeeInvis +   a - +1 dagger
rCold    . . .     Gourm    .   (no shield)
rNeg     . . .     Faith    .   b - +0 robe
rPois    .         Spirit   .   (no helmet)
rElec    .         Reflect  .   (no cloak)
rCorr    .         Harm     .   (no gloves)
MR       .....                  e - +0 pair of boots (curse)
Stlth    +++.......             (no amulet)
Regen    0.3/turn               (no ring)
MPRegen  0.1/turn               (no ring)

@: regenerating quickly
A: fangs 3, see invisible, unbreathing
a: no special abilities


You were on level 3 of the Dungeon.
You were full.

You visited 1 branch of the dungeon, and saw 3 of its levels.

You collected 131 gold pieces.

Inventory:

Hand Weapons
 a - a +1 dagger (weapon)
 j - a +2 antimagic dagger
 n - a +0 dagger of draining
Armour
 b - a +0 robe (worn)
 e - a cursed +0 pair of boots (worn)
Jewellery
 o - a cursed -3 ring of intelligence {unknown}
Scrolls
 f - a scroll of random uselessness {unknown}
 g - 4 scrolls of remove curse {unknown}
 h - 4 scrolls of teleportation {unknown}
 i - 2 scrolls of fear {unknown}
 p - a scroll of fog {unknown}
Potions
 d - 7 potions of blood
 k - a potion of lignification {unknown}
 l - 2 potions of heal wounds {unknown}
 m - a potion of haste {unknown}
Books
 c - a book of Maledictions

   Spells                             Type                      Level
   a - Corona                         Hexes                        1
   b - Ensorcelled Hibernation        Hexes/Ice                    2
   c - Confuse                        Hexes                        3
   d - Tukima's Dance                 Hexes                        3
   e - Dazzling Spray                 Conjuration/Hexes            3


   Skills:
 + Level 0.6 Fighting
 - Level 1.1 Short Blades
 + Level 2.5 Dodging
 + Level 6.5 Stealth
 + Level 2.3 Spellcasting
 + Level 5.4 Hexes
 + Level 1.0 Ice Magic


You had 4 spell levels left.
You knew the following spells:

 Your Spells              Type           Power        Failure   Level  Hunger
a - Corona                Hex            ###....      1%          1    #......
b - Ensorcelled Hibernat  Hex/Ice        ##....       8%          2    ##.....


Dungeon Overview and Level Annotations

Branches:
Dungeon (3/15)

Altars:
Okawaru

Annotations:
D:3 Robin


Innate Abilities, Weirdness & Mutations

Your natural rate of healing is unusually fast.
You have razor-sharp teeth.
You have supernaturally acute eyesight. (SInv)
You can survive without breathing.


Message History

Confirm with . or Enter, or press ? or * to list all spells.
Aiming: Ensorcelled Hibernation
Press: ? - help, Shift-Dir - straight line, f/p - goblin
Aim: a goblin, wielding a club (unusually strong, chance to defeat MR: 61%)
The goblin looks drowsy...
The goblin no longer looks unusually strong.
The goblin misses you.
The helpless goblin fails to defend itself.
You impale the goblin!!
You kill the goblin!
The goblin no longer looks unusually strong.
Casting: Ensorcelled Hibernation
Confirm with . or Enter, or press ? or * to list all spells.
Aiming: Ensorcelled Hibernation
Press: ? - help, Shift-Dir - straight line, f - goblin
Aim: a goblin, wielding a club (unusually strong, chance to defeat MR: 61%)
The goblin resists with significant effort.
The goblin no longer looks unusually strong.
The goblin closely misses you. The goblin hits you with a club.
You die...

# >(............#
#...# # #.
##.....#.#######...###
#..
#g..(.#.###.......>..
#..g
#..gg.#....<..<<.....
#...g
#...g######..%.......
#...gg##.##g#
#####...###
#.gg.g.##g# #...# #
#########g# #...# #
#@# #...# #g# ##...
..# ##### ####


You could see Robin and 6 goblins.

Vanquished Creatures
  Jessica (D:2)
  3 adders
  An ooze (D:1)
  2 leopard geckos
  2 orcs (D:3)
  A ball python (D:2)
  8 bats
  3 giant cockroaches
  9 goblins
  10 hobgoblins
  A frilled lizard (D:1)
  7 kobolds
  7 rats
55 creatures vanquished.

Notes
Turn   | Place    | Note
-------+----------+-------------------------------------------
     0 | D:1      | dohliylev the Vampire Enchanter began the quest for the Orb.
     0 | D:1      | Reached XP level 1. HP: 13/13 MP: 3/3
   223 | D:1      | Reached XP level 2. HP: 15/20 MP: 0/5
   372 | D:1      | Reached skill level 5 in Stealth
   934 | D:1      | Reached skill level 5 in Hexes
   954 | D:1      | Learned a level 2 spell: Ensorcelled Hibernation
  1505 | D:2      | Reached XP level 3. HP: 25/25 MP: 6/6
  1699 | D:2      | Found an iron altar of Okawaru.
  1936 | D:2      | Noticed Jessica
  1941 | D:2      | Killed Jessica
  1941 | D:2      | Reached skill level 6 in Stealth
  1941 | D:2      | Reached XP level 4. HP: 31/31 MP: 7/7
  2580 | D:3      | Reached skill level 1 in Ice Magic
  2679 | D:3      | Noticed Robin
  2697 | D:3      | Slain by a goblin

Skill      XL: |  1  2  3  4 |
---------------+-------------+-----
Stealth        | 5 6 |  6.5
Hexes          | 5 |  5.4
Ice Magic      | 1 |  1.0
Fighting       | |  0.6
Short Blades   | |  1.1
Dodging        | |  2.5
Spellcasting   | |  2.3

Action                   |  1- 3 |  4- 6 || total
-------------------------+-------+-------++-------
Melee: Dagger            |   147 |    39 ||   186
       Bite              |    10 |     5 ||    15
 Cast: Corona            |     6 |     1 ||     7
       Ensorcelled Hiber |    15 |    14 ||    29
 Stab: Sleeping          |    14 |     9 ||    23
  Eat: Corpse            |    13 |     1 ||    14
Armor: Robe              |    27 |     7 ||    34
Dodge: Dodged            |   102 |    41 ||   143
